 Dungeon Crawl Stone Soup version 0.29.0-4-gdea44cf6ec (webtiles) character file.

Game seed: 11102913224871146703

59 qw the Chopper (level 4, -3/26 HPs)
             Began as a Tengu Warper on Aug 28, 2022.
             Slain by Grinder (7 damage)
             ... on level 3 of the Dungeon.
             The game lasted 00:00:12 (2834 turns).

qw the Chopper (Tengu Warper)                       Turns: 2834, Time: 00:00:13

Health: -3/26      AC:  9    Str: 14    XL:     4   Next: 3%
Magic:  8/8        EV:  6    Int: 13    God:
Gold:   7          SH:  0    Dex: 13    Spells: 7/7 levels left

rFire   + . .      SeeInvis .   f - +1 hand axe (drain)
rCold   . . .      Faith    .   (no shield)
rNeg    . . .      Spirit   .   i - +0 chain mail
rPois   .          Reflect  .   (helmet restricted)
rElec   .          Harm     .   e - +0 cloak
rCorr   .          Rampage  .   (no gloves)
Will    .....                   (boots unavailable)
Stlth   ..........              (no amulet)
HPRegen 0.08/turn               d - ring of protection from fire
MPRegen 0.11/turn               (no ring)

@: no status effects
A: beak, talons 3
a: no special abilities


You were on level 3 of the Dungeon.
You visited 1 branch of the dungeon, and saw 3 of its levels.

You collected 143 gold pieces.
You spent 136 gold pieces at shops.


Innate Abilities, Weirdness & Mutations

You have a beak for a mouth.
You have claws for feet.


   Skills:
 - Level 2.0 Fighting
 + Level 4.6 Axes
 - Level 1.0 Throwing
 - Level 1.1 Armour
 - Level 2.1 Dodging
 - Level 2.0 Spellcasting
 - Level 2.4 Translocations


You had 7 spell levels left.
You didn't know any spells.
Your spell library contained the following spells:

 Spells                   Type           Power      Damage    Failure   Level
 Blink                    Tloc           14%        N/A       99%         2
 Gell's Gravitas          Tloc           7%         N/A       100%        3
 Lesser Beckoning         Tloc           7%         N/A       100%        3
 Teleport Other           Tloc           7%         N/A       100%        3
 Manifold Assault         Tloc           7%         N/A       100%        5

Inventory:

Hand Weapons
 f - a +1 hand axe of draining (weapon)
 h - a +0 whip
Missiles
 g - 3 boomerangs (quivered)
Armour
 a - a +0 pair of gloves
 e - a +0 cloak (worn)
 i - a +0 chain mail (worn)
Jewellery
 d - a ring of protection from fire (left hand)
Potions
 c - a potion of berserk rage {unknown}
 j - a potion of degeneration {unknown}
 k - a potion of ambrosia {unknown}

Dungeon Overview and Level Annotations

Branches:
Dungeon (3/15)

Altars:

Shops:
D:3 (

Annotations:
D:3 Grinder


Message History

Grinder barely misses you.
You closely miss Grinder. You claw Grinder, but do no damage. You peck Grinder.
Grinder is lightly wounded.
Grinder hits you but does no damage.
You hit Grinder but do no damage. Your peck misses Grinder.
Grinder is lightly wounded.
Grinder hits you but does no damage. x2
You hit Grinder. You peck Grinder.
Grinder is moderately wounded.
Your surroundings suddenly seem different.
Enter note:
Enter note:
Enter note: You start resting.
HP restored.
Grinder gestures at you. Pain shoots through your body!
Grinder completely misses you.
You closely miss Grinder. Your peck misses Grinder.
Grinder hits you but does no damage.
You barely miss Grinder. Your kick misses Grinder. Grinder hits you.
You writhe in agony.
You closely miss Grinder. You claw Grinder.
Grinder is lightly wounded.
Grinder says, "You look like you could use a good racking."
Grinder gestures at you.
You suddenly lose the ability to move!
Grinder blinks!
You can move again.
Grinder hits you.
You hit Grinder but do no damage.
Grinder is lightly wounded.
Grinder hits you.
You slash Grinder! You peck Grinder.
Grinder is moderately wounded.
Grinder hits you.
You hit Grinder but do no damage. Your kick misses Grinder. You peck Grinder.
Grinder is moderately wounded.
Grinder hits you!
You die...

#......#.......###...%.
###.####.......# ##...#
#...# #.......# #.#.#
###.# #.#...#.# #...#
####.####.##.##.# #..##
#.......#.......# #..##
#.##.##.#.......# #....
#.##.##.#.......# ##.##
#######
#.##...@........#####.##
....>.#
#.#####5#.............##
#####.#
#.#####.#.#...#.########
#.# #.<.....#.#...#.# #
#.############......[# #
#.......# ####.#### #
#######.# #...# # #.#
#...# ##### ######
###.### #...######....


You could see Grinder.

Vanquished Creatures
  2 adders (D:2)
  A worm (D:2)
  A dart slug (D:2)
  2 ball pythons (D:2)
  5 giant cockroaches
  5 goblins
  4 hobgoblins
  4 kobolds
  A quokka (D:1)
  3 bats
  2 frilled lizards (D:2)
  4 rats
34 creatures vanquished.

Notes
Turn   | Place    | Note
-------+----------+-------------------------------------------
     0 | D:1      | qw the Tengu Warper began the quest for the Orb.
     0 | D:1      | Reached XP level 1. HP: 12/12 MP: 4/4
     0 | D:1      | 0 ||| qw: Version: 0.1-a-89-g26bdef1
     0 | D:1      | 0 ||| qw: Game counter: 2007
     0 | D:1      | 0 ||| qw: Always use a shield: true
     0 | D:1      | 0 ||| qw: God list: Okawaru
     0 | D:1      | 0 ||| qw: Allow faded altars: false
     0 | D:1      | 0 ||| qw: Do Orc after D:15 true
     0 | D:1      | 0 ||| qw: Do second Lair branch before Depths: true
     0 | D:1      | 0 ||| qw: Lair rune preference: random
     0 | D:1      | 0 ||| qw: Plans: Normal
     0 | D:1      | 0 ||| PLANNING D:1-11
    65 | D:1      | 65 ||| DROPPING +0 club.
   523 | D:1      | Reached skill level 3 in Axes
   523 | D:1      | Reached XP level 2. HP: 15/17 MP: 6/6
   630 | D:1      | 630 ||| UPGRADING to +0 cloak.
   635 | D:1      | 635 ||| UPGRADING to +0 chain mail.
   645 | D:1      | 645 ||| DROPPING +0 leather armour.
   646 | D:1      | 646 ||| DROPPING ring of flight.
   647 | D:1      | 647 ||| READING 2 scrolls labelled TEIDIF DOVOLE.
   648 | D:1      | 648 ||| READING scroll labelled XILAAS RIZOOF.
   649 | D:1      | 649 ||| DRINKING 2 smoky black potions.
   650 | D:1      | 650 ||| DROPPING scroll of fear.
   651 | D:1      | 651 ||| DROPPING scroll of blinking.
   652 | D:1      | 652 ||| DROPPING potion of flight.
   864 | D:2      | HP: 4/17 [poisoned by an adder]
  1181 | D:2      | Reached XP level 3. HP: 21/21 MP: 7/7
  1256 | D:2      | Reached skill level 4 in Axes
  1454 | D:2      | 1454 ||| Stepping ~*~*~tactically~*~*~ (stealth).
  1465 | D:2      | 1465 ||| Stepping ~*~*~tactically~*~*~ (stealth).
  1466 | D:2      | 1466 ||| Stepping ~*~*~tactically~*~*~ (stealth).
  1975 | D:2      | 1975 ||| UPGRADING to ring of protection from fire.
  1976 | D:2      | 1976 ||| READING 2 scrolls labelled RUJISE QABOHY.
  1977 | D:2      | 1977 ||| READING 2 scrolls labelled ICEUBUKHLOVVA.
  1982 | D:2      | 1982 ||| READING scroll labelled SUFETU SAOSE.
  1983 | D:2      | 1983 ||| DRINKING 2 white potions.
  1984 | D:2      | 1984 ||| DROPPING scroll of magic mapping.
  1985 | D:2      | 1985 ||| DROPPING potion of attraction.
  2019 | D:3      | Reached XP level 4. HP: 26/26 MP: 8/8
  2284 | D:3      | Identified the +6 dagger of Massacring {vorpal, MP-9 Dex+2
                  | Stlth+}
  2389 | D:3      | Found Qighyar's Weapon Shop.
  2394 | D:3      | 2394 ||| BUYING +1 hand axe of draining (136 gold).
  2394 | D:3      | Bought a +1 hand axe of draining for 136 gold pieces
  2394 | D:3      | 2394 ||| SHOPLISTING +11 war axe of Accord {vorpal, rC+ rN+
                  | Int+2} (908 gold, have 7).
  2394 | D:3      | 2394 ||| SHOPLISTING +2 mace of venom (171 gold, have 7).
  2394 | D:3      | 2394 ||| SWAPPING to +1 hand axe of draining.
  2395 | D:3      | 2395 ||| DROPPING +0 hand axe.
  2449 | D:3      | Noticed Grinder
  2451 | D:3      | Paralysed by Grinder for 2 turns
  2457 | D:3      | HP: 3/26 [Grinder/nerve-wracking pain (8)]
  2458 | D:3      | 2458 ||| READING scroll of teleportation.
  2827 | D:3      | Paralysed by Grinder for 4 turns
  2832 | D:3      | HP: 6/26 [Grinder (5)]
  2834 | D:3      | Slain by Grinder

Levels and vault maps discovered:
D:1:      amcnicky_arrival_wind_blow, layout_basic
D:2:      minmay_diamond_boxcup, layout_loops_ring, corexii_corridor_pit,
          minmay_misc_feat_enclosed
D:3:      layout_loops_cross, serial_shops, nicolae_shop_bloodbath_and_beyond,
          chequers_ecumenical_altar_lobes, uniq_grinder

Skill      XL: |  1  2  3 |
---------------+----------+-----
Axes           | 3 4 |  4.6
Fighting       | |  2.0
Throwing       | |  1.0
Armour         | |  1.1
Dodging        | |  2.1
Spellcasting   | |  2.0
Translocations | |  2.4

Action                   |  1- 3 |  4- 6 || total
-------------------------+-------+-------++-------
Melee: Hand axe          |    86 |    16 ||   102
       Peck              |    14 |     5 ||    19
       Kick              |    14 |     6 ||    20
       Punch             |     1 |       ||     1
Throw: Boomerang         |    11 |     4 ||    15
  Use: Scroll            |     5 |     1 ||     6
       Potion            |     2 |       ||     2
Armor: Leather armour    |     4 |       ||     4
       Chain mail        |    42 |     5 ||    47
Dodge: Dodged            |    19 |     4 ||    23

Table legend:
 A = Non-vault XP
 B = Vault XP
 C = Vault XP percentage of total XP
 D = Non-vault monster count
 E = Vault monster count
 F = Vault count percentage of total count
                 A         B        C        D         E       F
            +---------+---------+-------+---------+---------+-------
      Total |      57 |      28 |  32.9 |      25 |       9 |  26.5
            +---------+---------+-------+---------+---------+-------
        D:1 |      11 |       0 |   0.0 |       6 |       0 |   0.0
        D:2 |      42 |      28 |  40.0 |      16 |       9 |  36.0
        D:3 |       4 |       0 |   0.0 |       3 |       0 |   0.0
            +---------+---------+-------+---------+---------+-------
